 Dungeon Crawl Stone Soup version 0.29-a0-1027-gcd8c55af63 (webtiles) character file.

Game seed: 4242453329556692018

905 27heaven the Magician (level 7, -3/48 HPs)
             Began as a Mummy Necromancer on Aug 13, 2022.
             Slain by an orc
             ... wielding a +0 war axe
              (10 damage)
             ... on level 5 of the Dungeon.
             The game lasted 00:12:05 (6033 turns).

27heaven the Magician (Mummy Necromancer)           Turns: 6033, Time: 00:12:06

Health: -3/48      AC:  3    Str: 12    XL:     7   Next: 80%
Magic:  3/17       EV: 16    Int: 16    God:
Gold:   357        SH:  0    Dex: 12    Spells: 3/19 levels left

rFire   x . .      SeeInvis .   h - staff of conjuration
rCold   + . .      Faith    .   (no shield)
rNeg    + + +      Spirit   .   a - +0 robe
rPois   ∞          Reflect  .   (no helmet)
rElec   .          Harm     .   (no cloak)
rCorr   .          Rampage  .   (no gloves)
Will    .....                   e - +0 pair of boots
Stlth   ++........              (no amulet)
HPRegen 0.16/turn               g - +4 ring of evasion
MPRegen 0.15/turn               t - ring of flight

@: flying
A: cold resistance 1, negative energy resistance 3, torment resistance 2, heat
vulnerability 1, in touch with death 1, no potions
a: no special abilities


You were on level 5 of the Dungeon.
You visited 1 branch of the dungeon, and saw 5 of its levels.
You also visited: Sewer.

You collected 357 gold pieces.

Inventory:

Hand Weapons
 b - a +0 short sword
 d - a +0 dagger
 l - a +0 short sword of draining
Missiles
 p - a javelin
Armour
 a - a +0 robe (worn)
 e - a +0 pair of boots (worn)
Magical Staves
 h - a staff of conjuration (weapon)
Jewellery
 g - a +4 ring of evasion (left hand)
 t - a ring of flight (right hand)
 u - a ring of willpower
Wands
 k - a wand of iceblast (2)
Scrolls
 c - 3 scrolls of poison
 f - a scroll of fog {unknown}
 j - 5 scrolls of identify
 m - a scroll of fear {unknown}
 n - 2 scrolls of magic mapping
 o - a scroll of amnesia {unknown}
 q - a scroll of torment {unknown}
 r - a scroll of silence {unknown}
 s - a scroll of teleportation {unknown}


   Skills:
 - Level 1.2 Fighting
 - Level 1.0 Staves
 - Level 2.0 Dodging
 - Level 1.5 Stealth
 - Level 6.7 Spellcasting
 - Level 2.9 Conjurations
 - Level 4.6 Necromancy
 * Level 2.1 Earth Magic
 - Level 3.0 Evocations


You had 3 spell levels left.
You knew the following spells:

 Your Spells              Type           Power      Damage    Failure   Level
a - Necrotise             Necr           100%       1d9       1%          1
b - Vampiric Draining     Necr           30%        2d8       5%          3
c - Agony                 Necr           30%        N/A       45%         5
d - Animate Dead          Necr           30%        N/A       19%         4
e - Stone Arrow           Conj/Erth      40%        3d9       14%         3

Your spell library contained the following spells:

 Spells                   Type           Power      Damage    Failure   Level
 Animate Armour           Summ/Erth      16%        N/A       63%         4
 Lehudib's Crystal Spear  Conj/Erth      10%        10d4      100%        8


Dungeon Overview and Level Annotations

Branches:
Dungeon (5/15)              Sewer (visited)
 Temple: D:4-7

Altars:


Innate Abilities, Weirdness & Mutations

You are immune to poison.
Your flesh is cold resistant. (rC+)
You are immune to negative energy. (rN+++)
You are immune to unholy pain and torment.
You are vulnerable to heat. (rF-)
You are in touch with the powers of death.
You do not drink.


Message History

The hound pauses to sniff the ground.
The hound bites you.
You hit the hound but do no damage.
The hound is heavily wounded.
The hound bites you but does no damage. The orc hits you with a +0 war axe!
* * * LOW HITPOINT WARNING * * *
The orc closely misses you. The hound bites you but does no damage.
As you read the scroll of summoning, it crumbles to dust.
Wisps of shadow whirl around you... The orc barely misses you.
The orc misses you. The hound barely misses you.
The orc attacks as you move away! The orc closely misses you.
The hound misses you. The orc closely misses your adder.
The hound bites your adder.
Your adder misses the hound. Your phantom hits the hound.
Your phantom blinks!
The hound blinks!
The hound misses your phantom.
Your adder bites the orc but does no damage.
The orc closely misses your adder. The hound bites your phantom.
Your phantom barely misses the hound.
Your adder barely misses the orc.
The orc completely misses your adder. The orc misses your adder.
The hound bites your phantom.
Your adder bites the orc but does no damage.
Your phantom hits the hound!
The hound dies!
Your Earth Magic skill increases to level 2!
The orc barely misses your adder.
The orc hits your adder with a +0 war axe.
Your adder bites the orc but does no damage.
Your adder barely misses the orc.
The orc hits your adder with a +0 war axe!
Your adder dies!
Your adder's corpse dissolves into shadows!
You hit the orc.
The orc is almost dead.
The orc hits you with a +0 war axe!
* * * LOW HITPOINT WARNING * * *
You are too injured to fight recklessly!
The orc attacks as you move away! The orc hits you with a +0 war axe!
You die...

##.#.#
#..............#
#.## #.#.#
#..............#
#... #...#
#..†....########
####
##..####....†..# #
#.....#.....).#####
#
##>.......W........
#
#.##.#............
#....'..oo........
####.#...@...)....
#.#####........ #.#
#........ ..#
#........ ###
#........ #........
#........ .......


You could see 2 orcs and a friendly phantom (summoned).

Vanquished Creatures
  An orc warrior (D:5)
  Pargi (Sewer)
  A black bear (D:4)
  A centaur (D:4)
  A scorpion (D:4)
  3 hounds
  Ijyb (D:3)
  An iguana (D:4)
  2 orc wizards
  7 adders
  A river rat (D:3)
  A white imp (D:5)
  An ufetubus (D:4)
  2 worms (D:2)
  3 dart slugs
  9 orcs
  4 ball pythons
  4 bats
  6 endoplasms
  2 giant cockroaches
  6 goblins
  6 hobgoblins
  3 jackals (D:2)
  3 quokkas
  6 frilled lizards
  12 kobolds
  3 rats
91 creatures vanquished.

Vanquished Creatures (collateral kills)
  A phantom (D:4)
  A hound (D:5)
  A dart slug (D:1)
  A giant cockroach (D:1)
  A goblin (D:2)
5 creatures vanquished.

Grand Total: 96 creatures vanquished

Notes
Turn   | Place    | Note
-------+----------+-------------------------------------------
     0 | D:1      | 27heaven the Mummy Necromancer began the quest for the Orb.
     0 | D:1      | Reached XP level 1. HP: 13/13 MP: 4/4
    53 | D:1      | Reached skill level 3 in Spellcasting
   111 | D:1      | Reached XP level 2. HP: 18/19 MP: 1/6
   375 | D:1      | Reached skill level 4 in Spellcasting
   809 | D:1      | Found a faded altar of an unknown god.
  1364 | D:2      | Gained mutation: You are in touch with the powers of death.
                  | [Mummy growth]
  1364 | D:2      | Reached XP level 3. HP: 16/24 MP: 5/8
  2010 | D:2      | Reached skill level 5 in Spellcasting
  2272 | D:2      | Reached XP level 4. HP: 30/30 MP: 8/11
  2756 | D:3      | Noticed Ijyb
  2764 | D:3      | Killed Ijyb
  2765 | D:3      | Reached skill level 1 in Conjurations
  2768 | D:3      | Reached skill level 1 in Evocations
  2951 | D:3      | Found a glowing drain.
  2966 | Sewer    | Entered a sewer
  3127 | Sewer    | Noticed Pargi
  3137 | Sewer    | Killed Pargi
  3138 | Sewer    | Reached XP level 5. HP: 26/35 MP: 3/13
  3710 | D:3      | Reached skill level 6 in Spellcasting
  3710 | D:3      | Reached XP level 6. HP: 31/41 MP: 6/15
  4966 | D:4      | Reached XP level 7. HP: 47/47 MP: 11/16
  5024 | D:4      | Reached skill level 1 in Fighting
  5179 | D:4      | Reached skill level 1 in Staves
  5558 | D:4      | Learned a level 3 spell: Vampiric Draining
  5564 | D:4      | Learned a level 5 spell: Agony
  5569 | D:4      | Learned a level 4 spell: Animate Dead
  5573 | D:4      | Learned a level 3 spell: Stone Arrow
  5758 | D:5      | Entered Level 5 of the Dungeon
  6017 | D:5      | Reached skill level 1 in Earth Magic
  6033 | D:5      | Slain by an orc

Illustrated notes

Levels and vault maps discovered:
D:1:      minmay_arrival_four_loops, layout_basic, basic_ecumenical_altar
D:2:      minmay_door_path, layout_basic
D:3:      layout_basic, portal_sewer_entry_b, dreamdust_wishing_well,
          minivault_26, uniq_ijyb
D:4:      layout_loops_corners
D:5:      layout_basic, minivault_1, chequers_serial_rivers_micro_c

Skill      XL: |  1  2  3  4  5  6  7 |
---------------+----------------------+-----
Spellcasting   | 3 4 5 6 |  6.7
Conjurations   | 1 2 |  2.9
Evocations     | 1 2 3 |  3.0
Fighting       | 1 |  1.2
Staves         | 1 |  1.0
Dodging        | 2 |  2.0
Earth Magic    | 2 |  2.1
Stealth        | |  1.5
Necromancy     | |  4.6

Action                   |  1- 3 |  4- 6 |  7- 9 || total
-------------------------+-------+-------+-------++-------
Melee: Unarmed           |    13 |       |       ||    13
       Short sword       |     4 |       |       ||     4
       Staff             |     1 |    14 |    22 ||    37
       Punch             |       |       |     1 ||     1
Throw: Javelin           |       |       |     3 ||     3
 Cast: Necrotise         |    75 |   109 |    30 ||   214
       Stone Arrow       |       |       |     2 ||     2
  Use: Scroll            |       |       |     4 ||     4
 Stab: Distracted        |     1 |       |       ||     1
       Sleeping          |       |     1 |       ||     1
Armor: Robe              |    12 |    15 |    12 ||    39
Dodge: Dodged            |    38 |    77 |    49 ||   164

Table legend: (Time is in decaauts)
 A = Elapsed time spent in this place.
 B = Non-inter-level travel time spent in this place.
 C = Inter-level travel time spent in this place.
 D = Time resting spent in this place.
 E = Time spent auto-exploring this place.
 F = Levels seen in this place.
 G = Mean time per level.
                   A        B        C        D        E       F      G
               +--------+--------+--------+--------+--------+-----+--------+
         Total |   6045 |   5898 |    147 |    463 |   4469 |   6 | 1007.5 |
       Dungeon |   5712 |   5565 |    147 |    341 |   4395 |   5 | 1142.4 |
         Sewer |    332 |    332 |      0 |    122 |     74 |   1 |  332.0 |
               +--------+--------+--------+--------+--------+-----+--------+

Top non-repeatable levels by time:
     D:4: 1574 daAuts
     D:2: 1483 daAuts
     D:1: 1273 daAuts
     D:3: 1105 daAuts
   Sewer: 332 daAuts
     D:5: 275 daAuts
